 Dungeon Crawl Stone Soup version 0.21.1-1-g345015fe64 (webtiles) character file.

17559 robveelben the Cruncher (level 12, -13/94 HPs)
             Began as a Demonspawn Abyssal Knight on June 20, 2018.
             Was a High Priest of Lugonu.
             Mangled by a white very ugly thing (22 damage)
             ... summoned by Lugonu's corruption
             ... in a bailey.
             The game lasted 01:16:22 (11264 turns).

robveelben the Cruncher (DsAK)                     Turns: 11264, Time: 01:16:22

Health: -13/94     AC: 18    Str: 19    XL:     12   Next: 20%
Magic:  11/17      EV:  6    Int: 18    God:    Lugonu [*****.]
Gold:   623        SH:  0    Dex: 17    Spells: 15/15 levels left

rFire    x . .     SeeInvis .   o - +3 quarterstaff (chaos)
rCold    + . .     Gourm    .   (shield currently unavailable)
rNeg     + . .     Faith    .   O - +1 plate armour
rPois    +         Spirit   .   R - +0 helmet
rElec    .         Reflect  .   p - +0 cloak
rCorr    .         Harm     .   (no gloves)
MR       +....                  (boots unavailable)
Stlth    ..........             (no amulet)
HPRegen  0.25/turn              L - ring "Qimesosm" {Ice rPois rN+ Int+4 Dex+4}
MPRegen  0.15/turn              g - +4 ring of slaying

@: no status effects
A: talons 3, rugged brown scales 2, demonic guardian 1, frail 1, low mp 1, magic
resistance 1, nightstalker 1, strong 1
a: Depart the Abyss, Bend Space, Banish, Corrupt, Enter the Abyss, Renounce
Religion


You were in a bailey.
You worshipped Lugonu.
Lugonu was extremely pleased with you.
You were very hungry.

You visited 2 branches of the dungeon, and saw 12 of its levels.
You visited the Abyss 1 time.
You also visited: Ossuary and Bailey.

You collected 623 gold pieces.

Inventory:

Hand Weapons
 a - a +1 falchion
 d - a +0 club
 f - a +1 dagger of flaming
 o - a +3 quarterstaff of chaos (weapon)
 r - a +4 club
 M - a +3 trident
 Q - a +0 scimitar
 V - a +0 quarterstaff
Armour
 b - a +0 leather armour
 h - +0 steam dragon scales
 k - a +0 ring mail
 p - a +0 cloak (worn)
 w - a +0 ring mail
 N - a +1 pair of boots
 O - a +1 plate armour (worn)
 P - a +2 ring mail of poison resistance
 R - a +0 helmet (worn)
 Y - a +0 troll leather armour
Jewellery
 g - a +4 ring of slaying (right hand)
 l - an uncursed ring of stealth
 u - an uncursed ring of see invisible
 C - a +6 ring of evasion
 L - the ring "Qimesosm" (left hand) {Ice rPois rN+ Int+4 Dex+4}
   (You took it off a crimson imp on level 6 of the Dungeon)

   [ring of ice]

   It enhances your ice magic.
   It affects your intelligence (+4).
   It affects your dexterity (+4).
   It makes you vulnerable to fire.
   It protects you from cold.
   It protects you from poison.
   It protects you from negative energy.
Wands
 q - a wand of random effects (23)
 y - a wand of acid (2)
 z - a wand of enslavement (7)
 B - a wand of polymorph (17)
 E - a wand of scattershot (3)
 X - a wand of flame (29)
Scrolls
 e - 3 scrolls of amnesia
 n - 2 scrolls of noise
 x - 4 scrolls of immolation
 A - 5 scrolls of remove curse
 D - 3 scrolls of identify
 F - 10 scrolls of random uselessness
 Z - 2 scrolls of magic mapping
Potions
 i - 11 potions of degeneration
 j - a potion of heal wounds
 m - a potion of ambrosia
 t - a potion of curing
 v - a potion of haste
 G - 2 potions of lignification
 H - a potion of mutation
 I - a potion of magic
 K - a potion of experience
 W - a potion of agility
Books
 s - a book of Fire

   Spells                             Type                      Level
   a - Ignite Poison                  Fire/Transmutation/Poison    3
   b - Fireball                       Conjuration/Fire             5
   c - Bolt of Fire                   Conjuration/Fire             6
   d - Ring of Flames                 Charms/Fire                  7
   e - Ignition                       Fire                         8
 S - a book of Cantrips

   Spells                             Type                      Level
   a - Confusing Touch                Hexes                        1
   b - Animate Skeleton               Necromancy                   1
   c - Summon Small Mammal            Summoning                    1
   d - Apportation                    Translocation                1
Comestibles
 c - 16 rations


   Skills:
 * Level 10.8 Fighting
 - Level 2.0 Long Blades
 + Level 2.0(7.2) Polearms
 + Level 10.8(10.9) Staves
 + Level 2.0 Throwing
 + Level 6.2 Armour
 - Level 0.8 Dodging
 - Level 0.2 Stealth
 + Level 2.0 Unarmed Combat
 + Level 2.0 Spellcasting
 * Level 10.6 Invocations
 + Level 3.2 Evocations


You had 15 spell levels left.
You didn't know any spells.

Dungeon Overview and Level Annotations

Branches:
Dungeon (11/15)            Temple (1/1) D:7
   Lair: D:8-11         Orc: D:9-12

Altars:
Ashenzari
Cheibriados
Dithmenos
Elyvilon
Fedhas
Gozag
Hepliaklqana
Kikubaaqudgha
Makhleb
Nemelex Xobeh
Okawaru
Qazlal
Ru
Sif Muna
Trog
Uskayaw
Vehumet
Wu Jian
Xom
Yredelemnul
Zin
The Shining One
Beogh

Shops:
D:5 [(*

Annotations:
D:9 corrupted
Abyss:1 Sigmund Bailey corrupted


Innate Abilities, Weirdness & Mutations

You have claws for feet.
You are mostly covered in rugged brown scales. (AC +2, +5% HP)
A weak demonic guardian rushes to your aid.
You are slightly more attuned to the shadows.
You are frail. (-10% HP)
Your magical capacity is low. (-10% MP)
You are resistant to hostile enchantments. (MR+)
Your muscles are strong. (Str +2)


Message History

The small abomination hits the orc!
The orc dies!
The thrashing horror tramples the orc!
The orc stumbles backwards!
The orc dies!
The small abomination hits the orc!!
The orc dies!
The apocalypse crab bites you!
You are engulfed in flames!
The fire burns you terribly! The apocalypse crab claws you!
You are engulfed in flames!!
The fire burns you terribly! The small abomination hits you!
* * * LOW HITPOINT WARNING * * *
The small abomination hits you but does no damage.
The ufetubus barely misses you.
The ufetubus hits you but does no damage.
The small abomination closely misses you.
You see here a trident.
The white very ugly thing engulfs you!!
* * * LOW HITPOINT WARNING * * *
The white very ugly thing freezes you!! You resist.
You die...

######
#####.#..####
##..#3...#∩..#
#..)@ut...h..#
#)XX)5x#Z##.###
+..)#xxs...5..#
#....XX.3.5...#
#..))..#.......
##...#....∩.###
############


You could see a neutral white very ugly thing (wandering), 2 neutral tentacled
starspawn, a neutral demonic crawler (wandering), a neutral apocalypse crab
(wandering), a neutral thrashing horror, a neutral large abomination
(wandering), a neutral sixfirhy (wandering), a neutral raiju (wandering), a
neutral ynoxinul (wandering), 3 neutral small abominations, a neutral iron imp
(wandering), a neutral ufetubus (wandering) and a neutral stone giant skeleton
(wandering).

Vanquished Creatures
  Gastronok (D:10)
  2 two-headed ogres (D:9)
  The ghost of Bapho the Slasher, a novice DsBe of Trog (D:6)
  Prince Ribbit (D:6)
  2 trolls (D:10)
  A hornet (D:5)
  A hippogriff (D:10)
  A spriggan (D:10)
  3 yaks (D:10)
  A steam dragon (D:5)
  A hungry ghost (D:8)
  2 water moccasins
  A phantom (D:10)
  3 ice beasts
  6 orc warriors
  A wolf (D:5)
  5 ogres
  5 centaurs
  A big kobold (D:8)
  3 bullfrogs
  2 scorpions
  A water moccasin skeleton (D:10)
  5 killer bees (D:10)
  A wight (D:6)
  7 howler monkeys
  8 crimson imps
  2 centaur zombies
  A quasit (D:8)
  A bullfrog zombie (D:6)
  3 hounds
  7 orc priests
  Crazy Yiuf (D:2)
  A bullfrog skeleton (D:8)
  A centaur skeleton (D:10)
  Ijyb (D:3)
  2 iguanas
  14 orc wizards
  7 worker ants
  2 big kobold zombies (Ossuary)
  A hound skeleton (D:6)
  4 mummies (Ossuary)
  A howler monkey skeleton (D:6)
  4 worker ant zombies
  7 adders
  A shadow imp (D:7)
  An adder skeleton (D:6)
  3 worms
  9 dart slugs (D:3)
  4 leopard geckos
  42 orcs
  5 giant cockroaches
  10 goblins
  5 hobgoblins
  14 jackals
  2 quokkas
  3 ball pythons
  3 bats
  8 frilled lizards
  A goblin zombie (Ossuary)
  2 hobgoblin zombies (Ossuary)
  A jackal zombie (D:6)
  12 kobolds
  A leopard gecko skeleton (D:4)
  3 orc zombies (Ossuary)
  7 rats
263 creatures vanquished.

Vanquished Creatures (collateral kills)
  Psyche (D:8)
  Joseph (D:8)
  A hornet (D:7)
  A yak (D:10)
  Edmund (D:4)
  An ice beast (D:6)
  A phantom (D:4)
  5 centaurs
  A howler monkey (D:7)
  A crimson imp (D:6)
  An orc priest (D:3)
  An orc wizard (D:8)
  2 worker ants
  A worker ant zombie (D:7)
  3 orcs
  A frilled lizard (D:4)
23 creatures vanquished.

Vanquished Creatures (others)
  The ghost of zuik the Nimble, a novice MfGl of Nemelex Xobeh (D:9)
  A two-headed ogre (D:9)
  5 yaks (D:9)
  3 orc warriors
  A sky beast (D:9)
  A bullfrog (D:9)
  A centaur skeleton (D:9)
  2 orc wizards (D:9)
  An iguana (D:9)
  15 orcs
  A quokka (D:5)
  4 starspawn tentacles (Bailey)
36 creatures vanquished.

Grand Total: 322 creatures vanquished

Notes
Turn   | Place    | Note
-------+----------+-------------------------------------------
     0 | Abyss:1  | robveelben the Demonspawn Abyssal Knight began the quest for the Orb.
     0 | Abyss:1  | Reached XP level 1. HP: 18/18 MP: 2/2
    17 | D:1      | Escaped the Abyss
   134 | D:1      | You fall through a shaft!
   151 | D:2      | Gained mutation: You have sharp toenails. [demonic ancestry]
   151 | D:2      | Reached XP level 2. HP: 24/24 MP: 3/3
   210 | D:2      | Gained mutation: A weak demonic guardian rushes to your aid. [demonic ancestry]
   210 | D:2      | Reached XP level 3. HP: 15/30 MP: 3/5
   587 | D:2      | Reached ** piety under Lugonu
   619 | D:2      | Found a glowing golden altar of the Shining One.
   828 | D:2      | Found a runed door.
   832 | D:2      | Noticed Crazy Yiuf
   843 | D:2      | Killed Crazy Yiuf
   843 | D:2      | Gained mutation: You are partially covered in rugged brown scales. (AC +1, +3% HP) [demonic ancestry]
   843 | D:2      | Reached XP level 4. HP: 7/39 MP: 6/6
  1459 | D:3      | Noticed Ijyb
  1467 | D:3      | Killed Ijyb
  1467 | D:3      | Reached skill level 5 in Fighting
  1552 | D:3      | Noticed a centaur
  1605 | D:3      | Reached skill level 1 in Staves
  1605 | D:3      | Gained mutation: You are slightly more attuned to the shadows. [demonic ancestry]
  1605 | D:3      | Reached XP level 5. HP: 45/45 MP: 7/7
  2181 | D:4      | Noticed a phantom
  2211 | D:4      | Killed a phantom
  2211 | D:4      | Gained mutation: You are mostly covered in rugged brown scales. (AC +2, +5% HP) [demonic ancestry]
  2211 | D:4      | Reached XP level 6. HP: 30/53 MP: 8/8
  2415 | D:4      | Noticed Sigmund
  2446 | D:4      | Reached *** piety under Lugonu
  2992 | D:4      | Noticed Edmund
  2998 | D:4      | Killed Edmund
  3018 | D:4      | Banished Sigmund
  3018 | D:4      | Reached XP level 7. HP: 59/59 MP: 9/9
  3035 | D:5      | Entered Level 5 of the Dungeon
  3035 | D:5      | Found Qireaq's Assorted Antiques.
  3091 | D:5      | Found a sparkling altar of Nemelex Xobeh.
  3099 | D:5      | Noticed a hornet
  3113 | D:5      | Paralysed by a hornet for 2 turns
  3120 | D:5      | Paralysed by a hornet for 1 turns
  3120 | D:5      | HP: 1/59 [hornet (9)]
  3130 | D:5      | Found a white marble altar of Elyvilon.
  3424 | D:5      | Killed a hornet
  3424 | D:5      | Reached skill level 5 in Staves
  3973 | D:5      | Noticed a steam dragon
  4074 | D:5      | Killed a steam dragon
  4198 | D:5      | Found Hoysosm's Weapon Shop.
  4286 | D:5      | Reached XP level 8. HP: 68/68 MP: 11/11
  4487 | D:5      | Found Minoutis's Antique Armour Shop.
  4866 | D:6      | Found a snail-covered altar of Cheibriados.
  4867 | D:6      | Noticed Bapho's ghost (novice DsBe)
  4897 | D:6      | Killed Bapho's ghost
  4897 | D:6      | Reached skill level 5 in Invocations
  4897 | D:6      | Reached skill level 1 in Evocations
  4991 | D:6      | Found a burning altar of Makhleb.
  5030 | D:6      | Noticed Prince Ribbit
  5075 | D:6      | Killed Prince Ribbit
  5075 | D:6      | Reached XP level 9. HP: 41/75 MP: 13/13
  5099 | D:6      | Found a sand-covered staircase.
  5107 | Ossuary  | Entered an ossuary
  5403 | Ossuary  | Reached **** piety under Lugonu
  5665 | D:6      | Got a sparkling jade ring
  5708 | D:6      | Identified the ring "Qimesosm" {Ice rPois rN+ Int+4 Dex+4} (You took it off a crimson imp on level 6 of the Dungeon)
  6520 | D:7      | Found a staircase to the Ecumenical Temple.
  6531 | Temple   | Entered the Ecumenical Temple
  6617 | D:7      | Reached ***** piety under Lugonu
  6884 | D:8      | Gained mutation: You have razor-sharp toenails. [demonic ancestry]
  6884 | D:8      | Reached XP level 10. HP: 85/86 MP: 15/15
  7005 | D:8      | Noticed Joseph
  7020 | D:8      | Killed Joseph
  7517 | D:8      | Noticed Psyche
  7522 | D:8      | Killed Psyche
  7534 | D:8      | You fall through a shaft!
  7534 | D:9      | Noticed a two-headed ogre
  7578 | D:9      | Killed a two-headed ogre
  8004 | D:9      | Found a roughly hewn altar of Beogh.
  8238 | D:9      | Noticed a two-headed ogre
  8269 | D:9      | Killed a two-headed ogre
  8269 | D:9      | Reached skill level 5 in Armour
  8295 | D:9      | Noticed zuik's ghost (novice MfGl)
  8327 | D:9      | Reached skill level 10 in Fighting
  8327 | D:9      | Reached skill level 10 in Staves
  8327 | D:9      | Reached skill level 10 in Invocations
  8327 | D:9      | Gained mutation: You have claws for feet. [demonic ancestry]
  8327 | D:9      | Reached XP level 11. HP: 29/95 MP: 16/18
  8334 | D:9      | Corrupted D:9
  8334 | D:9      | Noticed a starcursed mass
  8334 | D:9      | Noticed a large abomination
  8334 | D:9      | Noticed a sixfirhy
  8335 | D:9      | Noticed a bone dragon
  8335 | D:9      | Noticed a thrashing horror
  8337 | D:9      | Noticed a profane servitor
  8338 | D:9      | Noticed a thrashing horror
  8338 | D:9      | Noticed a thrashing horror
  8339 | D:9      | Killed zuik's ghost
  8371 | D:9      | Killed a two-headed ogre
  8407 | D:9      | Found a bloodstained altar of Trog.
  8618 | D:9      | Found an ornate altar of the Wu Jian Council.
  8676 | D:9      | Found a sacrificial altar of Ru.
  8978 | D:10     | Entered Level 10 of the Dungeon
  9083 | D:8      | Found a shimmering altar of Xom.
  9302 | D:8      | Found a shattered altar of Ashenzari.
  9509 | D:10     | Noticed Gastronok
  9530 | D:10     | Killed Gastronok
  9530 | D:10     | Reached XP level 12. HP: 32/102 MP: 19/19
 10048 | D:10     | Gained mutation: You are frail. (-10% HP) [potion of mutation]
 10048 | D:10     | Gained mutation: Your magical capacity is low. (-10% MP) [potion of mutation]
 10048 | D:10     | Gained mutation: Your muscles are strong. (Str +2) [potion of mutation]
 10048 | D:10     | Gained mutation: You are resistant to hostile enchantments. (MR+) [potion of mutation]
 11241 | D:11     | Found a flagged portal.
 11253 | Bailey   | Entered a bailey
 11258 | Bailey   | Corrupted Bailey
 11258 | Bailey   | Noticed a tentacled starspawn
 11258 | Bailey   | Noticed a tentacled starspawn
 11261 | Bailey   | Noticed a white very ugly thing
 11264 | Bailey   | Mangled by a white very ugly thing

Skill      XL: |  1  2  3  4  5  6  7  8  9 10 11 12 |
---------------+-------------------------------------+-----
Long Blades    | 2 |  2.0
Fighting       | 4 5 6 7 8 10 | 10.8
Invocations    | 3 4 5 7 10 | 10.6
Staves         | 1 3 4 5 7 8 10 | 10.8
Armour         | 2 3 5 6 |  6.2
Evocations     | 1 3 |  3.2
Polearms       | 2 |  2.0
Throwing       | 2 |  2.0
Unarmed Combat | 2 |  2.0
Spellcasting   | 2 |  2.0
Dodging        | |  0.8
Stealth        | |  0.2

Action                   |  1- 3 |  4- 6 |  7- 9 | 10-12 || total
-------------------------+-------+-------+-------+-------++-------
Melee: Falchion          |    75 |       |       |       ||    75
       Kick              |    16 |    16 |    52 |    51 ||   135
       Dagger            |     5 |       |       |       ||     5
       Quarterstaff      |       |   101 |   292 |   277 ||   670
Invok: Banish            |       |       |     1 |       ||     1
       Bend Space        |       |       |       |     1 ||     1
       Corrupt           |       |       |       |     2 ||     2
Evoke: Wand              |       |     2 |     5 |     6 ||    13
  Use: Potion            |     2 |       |     3 |    14 ||    19
       Scroll            |     1 |     5 |     7 |     2 ||    15
 Stab: Sleeping          |       |     5 |     6 |       ||    11
       Paralysed         |       |     1 |     2 |       ||     3
       Distracted        |       |       |     1 |     3 ||     4
       Petrifying        |       |       |       |     2 ||     2
  Eat: Ration            |       |     2 |     4 |     4 ||    10
       Chunk             |       |       |       |     2 ||     2
Armor: Leather armour    |    21 |       |       |       ||    21
       Ring mail         |     6 |    28 |    65 |    65 ||   164
       Steam dragon scal |       |       |    54 |       ||    54
       Plate armour      |       |       |    22 |   108 ||   130
Dodge: Dodged            |    60 |    44 |   193 |   124 ||   421
       Rpst.: Falchion   |    15 |       |       |       ||    15
